 Dungeon Crawl Stone Soup version 0.22.1-2-g9c5b331383 (webtiles) character file.

426 Revguard the Slasher (level 6, 0/47 HPs)
             Began as a Demonspawn Gladiator on Dec 7, 2018.
             Succumbed to a worker ant's poison
             ... on level 4 of the Dungeon.
             The game lasted 00:09:48 (3014 turns).

Revguard the Slasher (Demonspawn Gladiator)         Turns: 3014, Time: 00:09:49

Health: 0/47       AC:  3    Str: 16    XL:     6   Next: 64%
Magic:  0/6        EV: 13    Int:  9    God:
Gold:   148        SH:  0    Dex: 17    Spells: 5/5 levels left

rFire    + . .     SeeInvis .   a - +0 long sword
rCold    x . .     Gourm    .   (no shield)
rNeg     . . .     Faith    .   b - +0 leather armour
rPois    .         Spirit   +   (helmet restricted)
rElec    .         Reflect  .   (no cloak)
rCorr    .         Harm     .   (no gloves)
MR       .....                  (no boots)
Stlth    ++........             (no amulet)
HPRegen  0.15/turn              g - ring of fire
MPRegen  0.10/turn              (no ring)

@: lethally poisoned (0 -> -10)
A: horns 1, thin skeletal structure 1, sense surroundings 1, magic shield,
MP-powered wands
a: no special abilities


You were on level 4 of the Dungeon.
You were not hungry.

You visited 1 branch of the dungeon, and saw 4 of its levels.

You collected 148 gold pieces.

Inventory:

Hand Weapons
 a - a +0 long sword (weapon)
Missiles
 d - 3 throwing nets (quivered)
Armour
 b - a +0 leather armour (worn)
 c - a +0 helmet
Jewellery
 g - a ring of fire (left hand)
Wands
 j - a wand of acid (6)
Scrolls
 e - a scroll of random uselessness {unknown}
 h - a scroll of fog {unknown}
 i - 3 scrolls of teleportation {unknown}
 l - a scroll of blinking {unknown}
 m - 2 scrolls of identify {unknown}
 n - a scroll of enchant armour {unknown}
Comestibles
 f - a ration


   Skills:
 + Level 3.1 Fighting
 + Level 5.1 Long Blades
 - Level 1.7 Throwing
 + Level 2.0 Armour
 + Level 3.6 Dodging
 + Level 1.8 Stealth


You had 5 spell levels left.
You didn't know any spells.
Your spell library was empty.

Dungeon Overview and Level Annotations

Branches:
Dungeon (4/15)
 Temple: D:4-7

Altars:
Ashenzari
Fedhas


Innate Abilities, Weirdness & Mutations

You have a pair of small horns on your head.
You have a somewhat thin skeletal structure. (Dex +2, Stealth)
When hurt, damage is shared between your health and your magic reserves.
You passively map a small area around you.
You expend magic power (3 MP) to strengthen your wands.


Message History

You slash the worker ant! Your headbutt misses the worker ant.
The worker ant is severely wounded.
* * * LOW HITPOINT WARNING * * *
You feel sick. The worker ant bites you.
* * * LOW HITPOINT WARNING * * *
You closely miss the worker ant.
The worker ant is severely wounded.
* * * LOW HITPOINT WARNING * * *
You feel sick. The worker ant misses you. The worker ant bites you.
* * * LOW HITPOINT WARNING * * *
You hit the worker ant.
You headbutt the worker ant, but do no damage.
The worker ant is almost dead.
* * * LOW HITPOINT WARNING * * *
You feel sick. The worker ant misses you.
You riposte.
You hit the worker ant. Your headbutt misses the worker ant.
The worker ant is almost dead.
You closely miss the worker ant.
The worker ant is almost dead.
You die...

*##.#.**
.......... *....
, .......... o.o,
*#......... ... *
#........ , , #.#
#..[...#* * , #.#
#......#
#.######......###
*
#........†.......
#######@..†......
*
######a#########*
#.......# ,
#.......#
#.......#
#.......#
#......##
###.#### ######.#
*


You could see a worker ant.

Vanquished Creatures
  Sigmund (D:2)
  A crimson imp (D:2)
  An iguana (D:4)
  A worker ant (D:4)
  5 gnolls
  5 adders
  An ooze (D:3)
  5 worms
  2 dart slugs
  2 leopard geckos
  2 orcs (D:3)
  10 bats
  4 giant cockroaches
  5 goblins
  12 hobgoblins
  2 ball pythons (D:1)
  4 frilled lizards (D:2)
  6 kobolds
  8 rats
77 creatures vanquished.

Notes
Turn   | Place    | Note
-------+----------+-------------------------------------------
     0 | D:1      | Revguard the Demonspawn Gladiator began the quest for the
                  | Orb.
     0 | D:1      | Reached XP level 1. HP: 16/16 MP: 1/1
   167 | D:1      | Reached skill level 3 in Long Blades
   167 | D:1      | Gained mutation: When hurt, damage is shared between your
                  | health and your magic reserves. [demonic ancestry]
   167 | D:1      | Reached XP level 2. HP: 13/22 MP: 2/2
   825 | D:1      | Gained mutation: You have a somewhat thin skeletal
                  | structure. (Dex +2, Stealth) [demonic ancestry]
   825 | D:1      | Reached XP level 3. HP: 24/27 MP: 3/3
   986 | D:2      | Gained mutation: You have a pair of small horns on your
                  | head. [demonic ancestry]
   986 | D:2      | Reached XP level 4. HP: 18/33 MP: 4/4
  1161 | D:2      | Reached skill level 1 in Armour
  1316 | D:2      | Reached skill level 4 in Long Blades
  1520 | D:2      | Found a shattered altar of Ashenzari.
  1525 | D:2      | Noticed Sigmund
  1544 | D:2      | Killed Sigmund
  1544 | D:2      | Reached skill level 1 in Stealth
  1544 | D:2      | Reached XP level 5. HP: 38/40 MP: 5/5
  1544 | D:2      | Reached XP level 6. HP: 43/46 MP: 6/6
  2253 | D:3      | Found a blossoming altar of Fedhas.
  2386 | D:3      | Reached skill level 5 in Long Blades
  2391 | D:3      | Gained mutation: You expend magic power (3 MP) to
                  | strengthen your wands. [potion of mutation]
  2391 | D:3      | Gained mutation: You passively map a small area around you.
                  | [potion of mutation]
  3013 | D:4      | HP: 1/47 [poisoned by a worker ant]
  3014 | D:4      | Succumbed to a worker ant's poison

Skill      XL: |  1  2  3  4  5  6 |
---------------+-------------------+-----
Long Blades    | 3 4 5 |  5.1
Dodging        | 3 |  3.6
Armour         | 1 2 |  2.0
Stealth        | 1 |  1.8
Fighting       | 3 |  3.1
Throwing       | |  1.7

Action                   |  1- 3 |  4- 6 || total
-------------------------+-------+-------++-------
Melee: Long sword        |    58 |   145 ||   203
       Headbutt          |       |    38 ||    38
  Use: Potion            |       |     5 ||     5
 Stab: Sleeping          |     2 |     7 ||     9
  Eat: Chunk             |       |     4 ||     4
       Ration            |       |     1 ||     1
Armor: Leather armour    |    14 |    20 ||    34
Dodge: Dodged            |    49 |   114 ||   163
       Rpst.: Long sword |    15 |    36 ||    51
